 Dungeon Crawl Stone Soup version 0.19.5 (webtiles) character file.

163 septik the Chopper (level 5, -1/32 HPs)
             Began as a Gargoyle Fighter on Apr 30, 2017.
             Slain by a mummy (11 damage)
             ... in an ossuary.
             The game lasted 00:05:22 (2544 turns).

septik the Chopper (Gargoyle Fighter)               Turns: 2544, Time: 00:05:22

Health: -1/32      AC: 10    Str: 20    XL:     5   Next: 44%
Magic:  5/5        EV:  7    Int:  9    God:
Gold:   59         SH:  9    Dex:  9    Spells: 0 memorised, 4 levels left

rFire  . . .     SeeInvis .     a - +1 war axe
rCold  . . .     Gourm    .     b - +0 scale mail
rNeg   + + .     Faith    .     c - +0 shield
rPois  ∞         Spirit   .     (no helmet)
rElec  +         Reflect  .     (no cloak)
rCorr  .         Harm     .     (no gloves)
MR     .....                    (no boots)
Stlth  +.........               (no amulet)
                                s - ring of stealth
                                h - ring of positive energy

@: no status effects
A: negative energy resistance 1, electricity resistance, unbreathing,
petrification resistance, rot immunity, AC +4
a: no special abilities


You were in an ossuary.
You were hungry.

You visited 1 branch of the dungeon, and saw 4 of its levels.
You also visited: Ossuary.

You collected 59 gold pieces.

Inventory:

Hand Weapons
 a - a +1 war axe (weapon)
 u - a +0 blowgun
Missiles
 m - 128 stones (quivered)
 v - 8 curare-tipped needles
Armour
 b - a +0 scale mail (worn)
 c - a +0 shield (worn)
Jewellery
 h - a ring of positive energy (left hand)
 s - a ring of stealth (right hand)
Wands
 o - a wand of paralysis (8/24)
Scrolls
 e - 2 scrolls of remove curse
 g - 2 scrolls of identify
 i - a scroll of random uselessness
 k - a scroll of amnesia
Potions
 d - a potion of might
 l - a potion of resistance {unknown}
 q - a potion of curing {unknown}
 r - a potion of berserk rage {unknown}
Comestibles
 f - 2 bread rations
 j - a meat ration
 t - a slice of pizza


   Skills:
 - Level 3.2 Fighting
 + Level 5.0 Axes
 - Level 3.2 Armour
 - Level 3.2 Shields


You had 4 spell levels left.
You didn't know any spells.

Dungeon Overview and Level Annotations

Branches:
Dungeon (4/15)
 Temple: D:4-7

Altars:
Cheibriados
Dithmenos
Fedhas


Innate Abilities, Weirdness & Mutations

You are resistant to torment.
Your stone body is resilient. (AC +4)
You are immune to poison.
You resist negative energy. (rN+)
You are resistant to electric shocks. (rElec)
You can survive without breathing.
You are immune to petrification.
You are immune to rotting.


Message History

The bog mummy is almost destroyed.
You barely miss the bog mummy.
The bog mummy is almost destroyed.
The bog mummy hits you!
A mummy comes into view.
You slash the bog mummy!
You destroy the bog mummy!
Your Axes skill increases to level 5!
You barely miss the mummy. You hit the mummy but do no damage.
A bog mummy comes into view.
You block the mummy's attack.
There is an open door here.
You hit the mummy but do no damage. x2; The mummy hits you.
You slash the mummy!
The mummy is severely damaged.
You closely miss the mummy.
The bog mummy gestures at you while chanting.
The puff of frost hits you! The mummy hits you!
You die...

## ###### #
#.#.≈P≈≈
+#+#'#.≈≈≈.#
.......M≈≈M+
##@## #M..#
#.∩.# #∩..#
#####


You could see 2 mummies and a bog mummy.

Vanquished Creatures
  A mummy (Ossuary)
  A worker ant (D:3)
  5 adders
  An ooze (D:2)
  4 worms
  A leopard gecko (D:1)
  3 ball pythons
  5 bats
  A giant cockroach (D:1)
  8 hobgoblins
  3 jackals (D:1)
  A quokka (D:2)
  2 frilled lizards
  8 goblins
  4 kobolds
  A leopard gecko skeleton (D:4)
  7 rats
56 creatures vanquished.

Vanquished Creatures (others)
  2 withered plants (Ossuary)
2 creatures vanquished.

Grand Total: 58 creatures vanquished

Notes
Turn   | Place    | Note
-------+----------+-------------------------------------------
     0 | D:1      | septik the Gargoyle Fighter began the quest for the Orb.
     0 | D:1      | Reached XP level 1. HP: 14/14 MP: 1/1
    60 | D:1      | Reached skill level 2 in Axes
   194 | D:1      | Reached XP level 2. HP: 14/19 MP: 2/2
   624 | D:1      | Reached skill level 3 in Axes
   631 | D:1      | Reached XP level 3. HP: 23/23 MP: 3/3
  1168 | D:2      | Found a shadowy altar of Dithmenos.
  1176 | D:2      | Reached XP level 4. HP: 22/28 MP: 4/4
  1412 | D:2      | Reached skill level 4 in Axes
  1933 | D:3      | Found a snail-covered altar of Cheibriados.
  1933 | D:3      | Found a shadowy altar of Dithmenos.
  1934 | D:3      | Found a blossoming altar of Fedhas.
  2047 | D:3      | Reached XP level 5. HP: 29/32 MP: 5/5
  2353 | D:3      | Found a faded altar of an unknown god.
  2526 | D:4      | Found a sand-covered staircase.
  2530 | Ossuary  | Entered an ossuary
  2539 | Ossuary  | Reached skill level 5 in Axes
  2544 | Ossuary  | Slain by a mummy

Skill      XL: |  1  2  3  4  5 |
---------------+----------------+-----
Axes           | 2 3 4 5 |  5.0
Fighting       | |  3.2
Armour         | |  3.2
Shields        | |  3.2

Action                   |  1- 3 |  4- 6 || total
-------------------------+-------+-------++-------
Melee: War axe           |   109 |    85 ||   194
Throw: Stone             |     1 |       ||     1
  Use: Scroll            |       |     7 ||     7
  Eat: Chunk             |     1 |     4 ||     5
Armor: Scale mail        |    56 |    60 ||   116
Dodge: Dodged            |    44 |    41 ||    85
Block: Shield            |    63 |    59 ||   122
